AoeStats
← IceFish

Pilgrims

510052599Analyzed
4v4 RM · 2d ago on Sep 29, 2026· 47m 58s· 8 players
Game mode
Random Map
Map size
Large (8 player)
Population
200
Speed
Normal
Resources
Standard
Victory
Conquest
Starting age
Dark Age
Ending age
Imperial Age
RankedLock teamsTeams togetherTeam positionsShared explorationLock speedFull tech treeHidden civsTurbo modeCheats
Victory
Defeat
🇺🇸 Vikings · United States
1186
+12
🇲🇽 Malay · Mexico
1175
+12
🇫🇷 Japanese · France
1101
+15
🇨🇳 Teutons · China
1052
+18
🇨🇳 Saracens · China
1149
-16
🇦🇺 Dravidians · Australia
1126
-16
🇦🇺 Danes · Australia
1051
-13
🇦🇺 Varangians · Australia
1022
-12
JebusLorenzo
12:25 Feudal Age
16:40 Castle Age
14:58 Double-Bit Axe
16:32 Horse Collar
19:33 Bow Saw
21:23 Heavy Plow
23:28 Fletching
27:22 Padded Archer Armor
31:07 Wheelbarrow
33:19 Imperial Age
34:38 Elite Skirmisher
35:24 Thumb Ring
35:22 Bodkin Arrow
35:43 Leather Archer Armor
39:30 Bracer
40:50 Ballistics
42:24 Elite Elephant Archer
45:22 Chemistry
minecraftgirl.2014
9:54 Loom
11:44 Feudal Age
14:42 Fletching
14:53 Padded Archer Armor
17:18 Castle Age
18:39 Bodkin Arrow
19:00 Leather Archer Armor
23:12 Horse Collar
23:21 Double-Bit Axe
46:10 Imperial Age
Vtinglove
5:12 Loom
15:36 Feudal Age
17:21 Horse Collar
17:49 Fishing Lines
22:11 Castle Age
19:57 Town Watch
19:59 Double-Bit Axe
21:22 Gold Mining
21:22 Stone Mining
23:03 Bow Saw
22:54 Heavy Plow
23:44 Wheelbarrow
23:10 Gillnets
23:31 Medium Warships
26:04 Careening
27:33 Gold Shaft Mining
28:03 Demolition Ship
29:58 Fletching
31:23 Clinker Construction
31:19 Siphons
32:14 Hand Cart
33:39 Ballistics
38:55 Imperial Age
37:27 Town Patrol
38:07 Murder Holes
38:18 Scale Barding Armor
38:23 Forging
38:09 Bodkin Arrow
38:20 Caravan
39:15 Bloodlines
39:05 Husbandry
40:07 Heavy Warships
40:08 Carvel Hull
40:49 Chemistry
41:15 Two-Man Saw
40:47 Conscription
41:14 Dry Dock
42:18 Thumb Ring
41:33 Crossbowman
42:43 Arbalester
44:02 Padded Archer Armor
44:27 Bracer
46:27 Hoardings
47:26 Elite Skirmisher
FRODO
15:37 Feudal Age
19:45 Wheelbarrow
22:09 Castle Age
20:16 Double-Bit Axe
26:07 Hand Cart
26:20 Town Watch
26:20 Loom
41:57 Medium Warships
IceFish
5:50 Loom
13:35 Feudal Age
14:04 Town Watch
14:03 Fishing Lines
14:10 Double-Bit Axe
16:42 Gold Mining
19:27 Castle Age
17:11 Horse Collar
17:24 Stone Mining
19:28 Forging
19:19 Scale Mail Armor
20:31 Bow Saw
21:20 Heavy Plow
21:25 Gillnets
22:40 Wheelbarrow
23:04 Stone Shaft Mining
24:01 Hand Cart
29:58 Imperial Age
28:01 Ballistics
28:18 Fletching
29:33 Gambesons
29:48 Squires
29:34 Arson
30:27 Iron Casting
32:12 Blast Furnace
30:35 Elite Teutonic Knight
31:36 Conscription
33:41 Chain Mail Armor
33:30 Town Patrol
33:54 Crenellations
33:50 Bloodlines
33:00 Cavalier
36:25 Chemistry
35:31 Siege Engineers
35:25 Bodkin Arrow
36:32 Ironclad
36:46 Plate Mail Armor
36:17 Padded Archer Armor
36:30 Masonry
37:38 Two-Man Saw
37:38 Scale Barding Armor
36:56 Pikeman
38:41 Guard Tower
38:37 Arrowslits
39:14 Bombard Tower
40:22 Leather Archer Armor
40:27 Chain Barding Armor
40:45 Keep
41:52 Ring Archer Armor
41:59 Plate Barding Armor
42:46 Elite Skirmisher
46:06 Paladin
ScrotasticNutz
8:08 Loom
11:18 Feudal Age
17:45 Castle Age
16:00 Double-Bit Axe
19:39 Medium Warships
19:02 Pikeman
19:43 Squires
19:48 Scale Mail Armor
19:59 Forging
19:51 Padded Archer Armor
19:43 Fletching
27:06 Crossbowman
30:16 Arson
39:44 Imperial Age
40:21 Chieftains
41:16 Elite Longship
41:40 Arbalester
43:43 Capped Ram
46:12 Horse Collar
46:53 Leather Archer Armor
46:33 Bodkin Arrow
48:16 Town Watch
Romero
4:07 Loom
9:13 Loom
12:02 Feudal Age
12:38 Fishing Lines
14:00 Double-Bit Axe
14:14 Fletching
21:31 Castle Age
20:00 Padded Archer Armor
22:55 Medium Warships
23:06 Bow Saw
24:24 Gold Mining
24:47 Bodkin Arrow
25:32 Wheelbarrow
25:50 Demolition Ship
26:33 Gillnets
28:44 Leather Archer Armor
32:47 Ballistics
36:28 Imperial Age
37:04 Forging
36:55 Scale Mail Armor
37:13 Bracer
38:07 Heavy Warships
38:51 Chemistry
39:08 Ring Archer Armor
40:31 Scale Mail Armor
40:30 Murder Holes
41:49 Iron Casting
43:00 Chain Mail Armor
42:24 Elite Cannon Galleon
43:33 Gambesons
43:49 Squires
44:02 Guard Tower
43:58 Arrowslits
45:50 Plate Mail Armor
46:52 Hand Cart
48:27 Blast Furnace
harry_mas0n
7:59 Loom
14:24 Feudal Age
14:26 Double-Bit Axe
20:26 Castle Age
19:20 Fletching
19:31 Fishing Lines
20:05 Forging
20:19 Gillnets
21:23 Medium Warships
22:36 Wheelbarrow
22:02 Town Watch
22:51 Bow Saw
22:39 Bodkin Arrow
25:07 Hand Cart
25:32 Horse Collar
28:56 Gold Mining
28:57 Stone Mining
34:17 Imperial Age
35:13 Bracer
35:38 Elite Skirmisher
38:43 Ballistics
39:18 Padded Archer Armor
40:46 Leather Archer Armor
42:42 Pikeman
43:23 Squires
43:55 Halberdier
45:56 Chemistry
45:52 Masonry
46:43 Heavy Warships
48:02 Ring Archer Armor
48:04 Thumb Ring
Connection lost

Rejoining the realm…

Still unreachable

The connection could not be restored.

Session expired

The server has moved on; the page needs a fresh start.